 Dungeon Crawl Stone Soup version 0.23.2-40-g277498a001 (webtiles) character file.

Game seed: 7222114397998306922

83 Marnok the Covered (level 4, -6/35 HPs)
             Began as a Human Fighter on Oct 1, 2019.
             Mangled by an iguana (11 damage)
             ... on level 4 of the Dungeon.
             The game lasted 00:07:31 (2209 turns).

Marnok the Covered (Human Fighter)                  Turns: 2209, Time: 00:07:32

Health: -6/35      AC:  6    Str: 18    XL:     4   Next: 71%
Magic:  4/4        EV:  7    Int:  6    God:
Gold:   78         SH: 15    Dex: 12    Spells: 3/3 levels left

rFire    + . .     SeeInvis .   l - -3 spear (curse)
rCold    + . .     Gourm    .   c - +2 shield
rNeg     . . .     Faith    .   b - +0 scale mail
rPois    .         Spirit   .   (no helmet)
rElec    .         Reflect  .   m - scarf {rC+ rF+}
rCorr    .         Harm     .   (no gloves)
MR       .....                  (no boots)
Stlth    ..........             (no amulet)
HPRegen  0.11/turn              (no ring)
MPRegen  0.09/turn              (no ring)

@: no status effects
A: large bone plates 1, blurry vision 1, dopey 1, MP-powered wands
a: no special abilities


You were on level 4 of the Dungeon.
You were hungry.

You visited 1 branch of the dungeon, and saw 5 of its levels.

You collected 78 gold pieces.

Inventory:

Hand Weapons
 a - a +1 long sword
 l - a cursed -3 spear (weapon)
Armour
 b - a +0 scale mail (worn)
 c - a +2 shield (worn)
 m - a scarf of resistance (worn)
Jewellery
 e - an uncursed amulet of faith {unknown}
Wands
 d - a wand of acid (9)
Scrolls
 p - 6 scrolls of identify
Potions
 k - 3 potions of degeneration
Comestibles
 f - 3 rations


   Skills:
 + Level 3.2 Fighting
 + Level 2.0 Long Blades
 + Level 2.0 Polearms
 + Level 3.6 Armour
 + Level 0.9 Dodging
 + Level 0.1 Stealth
 + Level 3.5 Shields


You had 3 spell levels left.
You didn't know any spells.
Your spell library was empty.

Dungeon Overview and Level Annotations

Branches:
Dungeon (5/15)
 Temple: D:4-7

Altars:
Trog

Annotations:
D:3 1 runed translucent door
D:4 Blork the orc


Innate Abilities, Weirdness & Mutations

You are partially covered in large bone plates. (SH +4)
Scrolls take you a little longer to read.
You are dopey. (Int -2)
You expend magic power (3 MP) to strengthen your wands.


Message History

You barely miss the iguana.
The iguana is lightly wounded.
The iguana bites you!
* * * LOW HITPOINT WARNING * * *
Okay, then.
Okay, then.
Found a scroll of identify.
Blork the orc comes into view.
He is wielding a +2 hand axe of chopping.
Blork the orc shouts!
Blork the orc gestures wildly while chanting.
Blork the orc seems to speed up.
You see here a scroll of identify.
p - 6 scrolls of identify (gained 1)
You block the iguana's attack. You block Blork the orc's attack.
Blork the orc gestures at you while chanting.
The puff of frost hits you. You resist.
* * * LOW HITPOINT WARNING * * *
The iguana bites you!
You die...

#..> #..# ....## ..
#....# ..# ..#.##.##
#.#.....###.......
###.................
#..@..#.............
##..l.#...........#.
##.o...............
#............#....
####..##......##.#
#..............#
#.......##.#...#
#......###.#....
##....## ##†...>


You could see Blork the orc and an iguana.

Vanquished Creatures
  A gnoll (D:1)
  2 adders
  An ooze (D:1)
  3 worms
  A leopard gecko (D:1)
  2 orcs
  5 bats
  2 giant cockroaches
  4 goblins
  4 hobgoblins
  A quokka (D:5)
  2 ball pythons
  2 frilled lizards
  4 kobolds
  A leopard gecko skeleton (D:5)
  5 rats
40 creatures vanquished.

Notes
Turn   | Place    | Note
-------+----------+-------------------------------------------
     0 | D:1      | Marnok the Human Fighter began the quest for the Orb.
     0 | D:1      | Reached XP level 1. HP: 18/18 MP: 1/1
   156 | D:1      | Reached skill level 1 in Polearms
   156 | D:1      | Reached XP level 2. HP: 14/24 MP: 2/2
   560 | D:1      | Reached XP level 3. HP: 26/29 MP: 3/3
  1242 | D:2      | Gained mutation: Scrolls take you a little longer to read.
                  | [potion of mutation]
  1242 | D:2      | Gained mutation: You are dopey. (Int -2) [potion of
                  | mutation]
  1242 | D:2      | Gained mutation: You expend magic power (3 MP) to
                  | strengthen your wands. [potion of mutation]
  1242 | D:2      | Gained mutation: You are partially covered in large bone
                  | plates. (SH +4) [potion of mutation]
  1246 | D:2      | Reached XP level 4. HP: 17/35 MP: 4/4
  1471 | D:2      | Found a bloodstained altar of Trog.
  1840 | D:3      | Found a runed translucent door.
  2086 | D:4      | You fall through a shaft!
  2086 | D:5      | Entered Level 5 of the Dungeon
  2200 | D:4      | Noticed Blork the orc
  2209 | D:4      | Mangled by an iguana

Skill      XL: |  1  2  3  4 |
---------------+-------------+-----
Polearms       | 1 2 |  2.0
Fighting       | |  3.2
Long Blades    | |  2.0
Armour         | |  3.6
Dodging        | |  0.9
Stealth        | |  0.1
Shields        | |  3.5

Action                   |  1- 3 |  4- 6 || total
-------------------------+-------+-------++-------
Melee: Spear             |   180 |   138 ||   318
       Long sword        |     5 |       ||     5
  Use: Scroll            |     3 |     3 ||     6
       Potion            |     5 |     3 ||     8
  Eat: Chunk             |     1 |     3 ||     4
Armor: Scale mail        |    83 |    50 ||   133
Dodge: Dodged            |    59 |    31 ||    90
Block: Shield            |   103 |   130 ||   233
